| TOP OF THE 1ST |
|
Southern Maryland Blue Crabs batting - Pitching for New Jersey Devils : LHP Pedro Botello
|
|
Pitching: LHP Pedro Botello
|
|
|
Batting: RHB Kevin Popowicz
|
0-0: Swinging Strike 0-1: Ball 1-1: Foul Ball, location: 2F 1-2: Ball 2-2: Fly out, F8 (Flyball, 8RM, EV 86.9 MPH)
|
|
Batting: LHB Xue-liang Zhou
|
0-0: Ball 1-0: Swinging Strike 1-1: Foul Ball, location: 2F 1-2: Strikes out swinging
|
|
Batting: RHB Maup Gommers
|
0-0: Ball 1-0: Foul Ball, location: 2F 1-1: Swinging Strike 1-2: Ball 2-2: SINGLE (Groundball, 56D, EV 97.5 MPH)
|
|
Batting: RHB Jonathan Mendoza
|
0-0: Ball 1-0: Ball 2-0: Foul Ball, location: 2F 2-1: Called Strike 2-2: Strikes out swinging
|
| Top of the 1st over - 0 runs, 1 hit, 0 errors, 1 left on base; Southern Maryland 0 - New Jersey 0 |
| BOTTOM OF THE 1ST |
|
New Jersey Devils batting - Pitching for Southern Maryland Blue Crabs : RHP Olaf Barker
|
|
Pitching: RHP Olaf Barker
|
|
|
Batting: RHB Eric Zylstra
|
0-0: Ball 1-0: Ball 2-0: SINGLE (Groundball, 4M, EV 96.9 MPH) (infield hit)
|
|
Batting: RHB Sam Callahan
|
0-0: Called Strike 0-1: Ball 1-1: Foul Ball, location: 2F 1-2: Ball 2-2: Foul Ball, location: 2F 2-2: Ball 3-2: Foul Ball, location: 2F 3-2: Base on Balls Eric Zylstra to second
|
|
Batting: RHB Nate Henderson
|
0-0: Ball 1-0: Ball 2-0: Ball 3-0: Called Strike 3-1: Base on Balls Eric Zylstra to third Sam Callahan to second
|
|
Batting: RHB Bill Crogan
|
0-0: Called Strike 0-1: Ball 1-1: Ball 2-1: Foul Ball, location: 2F 2-2: Strikes out swinging
|
|
Batting: RHB Juan Medina
|
0-0: Grounds into double play, 5-4-3 (Groundball, 56S, EV 80.6 MPH)
|
| Bottom of the 1st over - 0 runs, 1 hit, 0 errors, 2 left on base; Southern Maryland 0 - New Jersey 0 |
| TOP OF THE 2ND |
|
Southern Maryland Blue Crabs batting - Pitching for New Jersey Devils : LHP Pedro Botello
|
|
Batting: SHB Carlos Carrillo
|
0-0: Ball 1-0: Swinging Strike 1-1: Ball 2-1: SINGLE (Groundball, 6D, EV 103.8 MPH)
|
|
Batting: SHB Eric Kelley
|
0-0: Ball 1-0: Ball Passed Ball! Carlos Carrillo to second 2-0: Reached on error, E5 (Groundball, 56, EV 84.4 MPH) Carlos Carrillo scores
|
|
Batting: RHB Ruben Domingues
|
0-0: Called Strike 0-1: Foul Ball, location: 2F 0-2: Strikes out swinging
|
|
Batting: LHB Edwin Cabral
|
0-0: Foul Ball, location: 2F 0-1: Called Strike 0-2: Ball 1-2: Foul Ball, location: 2F 1-2: Foul Ball, location: 2F 1-2: Foul Ball, location: 2F 1-2: Strikes out swinging
|
|
Batting: LHB Ivan Alvarez
|
0-0: Ball 1-0: Ball 2-0: Ball Passed Ball! Eric Kelley to third 3-0: Base on Balls
|
|
Batting: RHB Kevin Popowicz
|
0-0: Ball 1-0: Fly out, F3 (Popup, 3F, EV 56.2 MPH)
|
| Top of the 2nd over - 1 run, 1 hit, 1 error, 2 left on base; Southern Maryland 1 - New Jersey 0 |
| BOTTOM OF THE 2ND |
|
New Jersey Devils batting - Pitching for Southern Maryland Blue Crabs : RHP Olaf Barker
|
|
Batting: LHB Brad Guffin
|
0-0: Called Strike 0-1: Called Strike 0-2: Ball 1-2: Strikes out swinging
|
|
Batting: RHB Dan Mathews
|
0-0: Ground out 5-3 (Groundball, 56, EV 79.4 MPH)
|
|
Batting: RHB Jeremy Delka
|
0-0: Ball 1-0: Ball 2-0: Swinging Strike 2-1: Called Strike 2-2: Strikes out swinging
|
| Bottom of the 2nd over - 0 runs, 0 hits, 0 errors, 0 left on base; Southern Maryland 1 - New Jersey 0 |
| TOP OF THE 3RD |
|
Southern Maryland Blue Crabs batting - Pitching for New Jersey Devils : LHP Pedro Botello
|
|
Batting: LHB Xue-liang Zhou
|
0-0: Ball 1-0: Foul Ball, location: 2F 1-1: Swinging Strike 1-2: Ball 2-2: Strikes out swinging
|
|
Batting: RHB Maup Gommers
|
0-0: SINGLE (Groundball, 34D, EV 98.8 MPH)
|
|
Batting: RHB Jonathan Mendoza
|
0-0: Foul Ball, location: 2F 0-1: Called Strike 0-2: Ball 1-2: 2-RUN HOME RUN (Flyball, 89XD, EV 108.1 MPH), Distance : 405 ft
|
|
Batting: SHB Carlos Carrillo
|
0-0: Ball 1-0: Called Strike 1-1: Ball 2-1: Swinging Strike 2-2: Ball 3-2: Strikes out swinging
|
|
Batting: SHB Eric Kelley
|
0-0: Ball 1-0: Foul Ball, location: 2F 1-1: Called Strike 1-2: Strikes out swinging
|
| Top of the 3rd over - 2 runs, 2 hits, 0 errors, 0 left on base; Southern Maryland 3 - New Jersey 0 |
| BOTTOM OF THE 3RD |
|
New Jersey Devils batting - Pitching for Southern Maryland Blue Crabs : RHP Olaf Barker
|
|
Batting: RHB Justin Williams
|
0-0: Called Strike 0-1: Foul Ball, location: 2F 0-2: Ball 1-2: Strikes out swinging
|
|
Batting: RHB Eric Zylstra
|
0-0: Foul Ball, location: 2F 0-1: Foul Ball, location: 2F 0-2: Strikes out swinging
|
|
Batting: RHB Sam Callahan
|
0-0: Called Strike 0-1: Ball 1-1: Ball 2-1: Reached on error, E7 (Line Drive, 7S, EV 95.0 MPH)
|
|
Batting: RHB Nate Henderson
|
0-0: Foul Ball, location: 2F 0-1: Ball 1-1: Foul Ball, location: 2F 1-2: Ball 2-2: Foul Ball, location: 2F 2-2: Strikes out swinging
|
| Bottom of the 3rd over - 0 runs, 0 hits, 1 error, 1 left on base; Southern Maryland 3 - New Jersey 0 |
| TOP OF THE 4TH |
|
Southern Maryland Blue Crabs batting - Pitching for New Jersey Devils : LHP Pedro Botello
|
|
Batting: RHB Ruben Domingues
|
0-0: Called Strike 0-1: Ball 1-1: Swinging Strike 1-2: Ball 2-2: Foul Ball, location: 2F 2-2: Ball 3-2: Foul Ball, location: 2F 3-2: Base on Balls
|
|
Batting: LHB Edwin Cabral
|
0-0: Fielders Choice at 2nd, 4-6 (Groundball, 4, EV 80.0 MPH)
|
|
Batting: LHB Ivan Alvarez
|
0-0: Ball 1-0: SINGLE (Groundball, 6MD, EV 98.8 MPH) Edwin Cabral to second
|
|
Batting: RHB Kevin Popowicz
|
0-0: Ball 1-0: Ball 2-0: Ball 3-0: Called Strike 3-1: Base on Balls Edwin Cabral to third Ivan Alvarez to second
|
|
Batting: LHB Xue-liang Zhou
|
0-0: SINGLE (Flyball, 89S, EV 83.8 MPH) Edwin Cabral scores Ivan Alvarez to third Kevin Popowicz to second Runner from 3rd tries for Home, throw by RF and OUT! 9-2
|
|
Batting: RHB Maup Gommers
|
0-0: Ball 1-0: Swinging Strike 1-1: Foul Ball, location: 2F 1-2: Ball 2-2: Foul Ball, location: 2F 2-2: Ball 3-2: Strikes out swinging
|
| Top of the 4th over - 1 run, 2 hits, 0 errors, 2 left on base; Southern Maryland 4 - New Jersey 0 |
| BOTTOM OF THE 4TH |
|
New Jersey Devils batting - Pitching for Southern Maryland Blue Crabs : RHP Olaf Barker
|
|
Batting: RHB Bill Crogan
|
0-0: Ball 1-0: Foul Ball, location: 2F 1-1: Foul Ball, location: 2F 1-2: Foul Ball, location: 2F 1-2: Ball 2-2: Ball 3-2: SINGLE (Line Drive, 56D, EV 107.5 MPH)
|
|
Batting: RHB Juan Medina
|
0-0: Fly out, F8 (Flyball, 89D, EV 83.8 MPH)
|
|
Batting: LHB Brad Guffin
|
0-0: Foul Ball, location: 2F 0-1: Swinging Strike 0-2: Ball 1-2: Strikes out swinging
|
|
Batting: RHB Dan Mathews
|
0-0: Called Strike 0-1: Called Strike 0-2: Foul Ball, location: 2F 0-2: Foul Ball, location: 2F 0-2: Ball 1-2: Ball 2-2: Foul Ball, location: 2F 2-2: Strikes out swinging
|
| Bottom of the 4th over - 0 runs, 1 hit, 0 errors, 1 left on base; Southern Maryland 4 - New Jersey 0 |
| TOP OF THE 5TH |
|
Southern Maryland Blue Crabs batting - Pitching for New Jersey Devils : LHP Pedro Botello
|
|
Pitching: LHP Jesus Espitia
|
|
|
Batting: RHB Jonathan Mendoza
|
0-0: Called Strike 0-1: Ball 1-1: Ball 2-1: Foul Ball, location: 2F 2-2: Ball 3-2: Base on Balls
|
|
Batting: SHB Carlos Carrillo
|
0-0: Ball 1-0: Swinging Strike 1-1: Foul Ball, location: 2F 1-2: Ball 2-2: Ball 3-2: SINGLE (Groundball, 4MD, EV 102.5 MPH) Jonathan Mendoza to second
|
|
Batting: SHB Eric Kelley
|
0-0: Ball 1-0: Fly out, F2 (Popup, 23F, EV 91.2 MPH)
|
|
Batting: RHB Ruben Domingues
|
0-0: Swinging Strike 0-1: Foul Ball, location: 2F 0-2: Ball 1-2: Strikes out swinging
|
|
Batting: LHB Edwin Cabral
|
0-0: Ball 1-0: SINGLE (Groundball, 6M, EV 110.0 MPH) (infield hit) Jonathan Mendoza to third Carlos Carrillo to second
|
|
Batting: LHB Ivan Alvarez
|
0-0: Ball Passed Ball! Jonathan Mendoza scores Carlos Carrillo to third Edwin Cabral to second 1-0: Called Strike 1-1: Ball 2-1: Ground out 5-3 (Groundball, 56, EV 103.8 MPH)
|
| Top of the 5th over - 1 run, 2 hits, 0 errors, 2 left on base; Southern Maryland 5 - New Jersey 0 |
| BOTTOM OF THE 5TH |
|
New Jersey Devils batting - Pitching for Southern Maryland Blue Crabs : RHP Olaf Barker
|
|
Batting: RHB Jeremy Delka
|
0-0: Ball 1-0: Foul Ball, location: 2F 1-1: Fly out, F5 (Popup, 15, EV 80.6 MPH)
|
|
Batting: RHB Justin Williams
|
0-0: Ball 1-0: Swinging Strike 1-1: Ball 2-1: Foul Ball, location: 2F 2-2: Ball 3-2: Strikes out swinging
|
|
Batting: RHB Eric Zylstra
|
0-0: Fly out, F8 (Flyball, 8LD, EV 98.1 MPH)
|
| Bottom of the 5th over - 0 runs, 0 hits, 0 errors, 0 left on base; Southern Maryland 5 - New Jersey 0 |
| TOP OF THE 6TH |
|
Southern Maryland Blue Crabs batting - Pitching for New Jersey Devils : LHP Jesus Espitia
|
|
Batting: RHB Kevin Popowicz
|
0-0: Fly out, F8 (Flyball, 8RD, EV 95.6 MPH)
|
|
Batting: LHB Xue-liang Zhou
|
0-0: Foul Ball, location: 2F 0-1: Called Strike 0-2: DOUBLE (Line Drive, 78D, EV 103.1 MPH)
|
|
Batting: RHB Maup Gommers
|
0-0: Called Strike 0-1: Ball 1-1: Ground out 5-3 (Groundball, 5, EV 83.8 MPH)
|
|
Batting: RHB Jonathan Mendoza
|
0-0: Ball 1-0: Ball 2-0: Ball 3-0: Base on Balls
|
|
Batting: SHB Carlos Carrillo
|
0-0: Swinging Strike 0-1: Ball 1-1: Ball 2-1: Foul Ball, location: 2F 2-2: Strikes out looking
|
| Top of the 6th over - 0 runs, 1 hit, 0 errors, 2 left on base; Southern Maryland 5 - New Jersey 0 |
| BOTTOM OF THE 6TH |
|
New Jersey Devils batting - Pitching for Southern Maryland Blue Crabs : RHP Olaf Barker
|
|
Batting: RHB Sam Callahan
|
0-0: Ball 1-0: Ground out 6-3 (Groundball, P, EV 84.4 MPH)
|
|
Batting: RHB Nate Henderson
|
0-0: Called Strike 0-1: Foul Ball, location: 2F 0-2: SINGLE (Line Drive, 89S, EV 111.9 MPH)
|
|
Batting: RHB Bill Crogan
|
0-0: Ball 1-0: Ball 2-0: Ball 3-0: Called Strike 3-1: Fly out, F9 (Flyball, 9D, EV 91.2 MPH)
|
|
Batting: RHB Juan Medina
|
0-0: Ground out 4-3 (Groundball, 4, EV 88.1 MPH)
|
| Bottom of the 6th over - 0 runs, 1 hit, 0 errors, 1 left on base; Southern Maryland 5 - New Jersey 0 |
| TOP OF THE 7TH |
|
Southern Maryland Blue Crabs batting - Pitching for New Jersey Devils : LHP Jesus Espitia
|
|
Batting: SHB Eric Kelley
|
0-0: Ball 1-0: Ball 2-0: Ball 3-0: Base on Balls
|
|
Batting: RHB Ruben Domingues
|
0-0: Ball 1-0: Foul Ball, location: 2F 1-1: Ball 2-1: Fly out, F7 (Flyball, 78M, EV 91.9 MPH)
|
|
Batting: LHB Edwin Cabral
|
0-0: Hit by Pitch Eric Kelley to second
|
|
Batting: LHB Ivan Alvarez
|
0-0: Ball 1-0: Swinging Strike 1-1: Foul Ball, location: 2F 1-2: Foul Ball, location: 2F 1-2: Strikes out swinging
|
|
Pitching: LHP Joe Edwards
|
|
|
Batting: RHB Kevin Popowicz
|
0-0: Ball Wild Pitch! Eric Kelley to third Edwin Cabral to second 1-0: Called Strike 1-1: Swinging Strike 1-2: Ball 2-2: Foul Ball, location: 2F 2-2: Ball 3-2: Foul Ball, location: 2F 3-2: DOUBLE (Groundball, 5L, EV 94.4 MPH) Eric Kelley scores Edwin Cabral scores
|
|
Batting: LHB Xue-liang Zhou
|
0-0: Ball 1-0: Foul Ball, location: 2F 1-1: Ball 2-1: SINGLE (Groundball, 4MD, EV 106.2 MPH) Kevin Popowicz to third Runner from 3rd tries for Home, SAFE, throw by CF to home
|
|
Batting: RHB Maup Gommers
|
0-0: Foul Ball, location: 2F 0-1: Ball Passed Ball! Xue-liang Zhou to second 1-1: Ball 2-1: Ball 3-1: DOUBLE (Groundball, 5L, EV 101.9 MPH) Xue-liang Zhou scores
|
|
Batting: RHB Jonathan Mendoza
|
0-0: Ball 1-0: Foul Ball, location: 2F 1-1: Called Strike 1-2: DOUBLE (Line Drive, 9LS, EV 103.8 MPH) Maup Gommers scores
|
|
Batting: SHB Carlos Carrillo
|
0-0: SINGLE (Flyball, 78S, EV 93.8 MPH) Jonathan Mendoza to third Throwing error, E7 Jonathan Mendoza scores Carlos Carrillo to second
|
|
Pitching: RHP Emanuel Anochondo
|
|
|
Batting: SHB Eric Kelley
|
0-0: Ball 1-0: Ball Passed Ball! Carlos Carrillo to third 2-0: SINGLE (Groundball, 3D, EV 105.6 MPH) Carlos Carrillo scores
|
|
Batting: RHB Ruben Domingues
|
0-0: Ball 1-0: Called Strike 1-1: Ball 2-1: Foul Ball, location: 2F 2-2: Foul Ball, location: 2F 2-2: Strikes out looking
|
| Top of the 7th over - 7 runs, 6 hits, 1 error, 1 left on base; Southern Maryland 12 - New Jersey 0 |
| BOTTOM OF THE 7TH |
|
New Jersey Devils batting - Pitching for Southern Maryland Blue Crabs : RHP Olaf Barker
|
|
Batting: LHB Brad Guffin
|
0-0: Ball 1-0: Called Strike 1-1: Foul Ball, location: 2F 1-2: Ball 2-2: Strikes out swinging
|
|
Batting: RHB Dan Mathews
|
0-0: Called Strike 0-1: Ball 1-1: Ball 2-1: Ball 3-1: Base on Balls
|
|
Batting: RHB Jeremy Delka
|
0-0: Bunt - Flyout to 13S! F1
|
|
Batting: RHB Justin Williams
|
0-0: Foul Ball, location: 2F 0-1: Foul Ball, location: 2F 0-2: Ball 1-2: Foul Ball, location: 2F 1-2: Foul Ball, location: 2F 1-2: Ball 2-2: Foul Ball, location: 2F 2-2: Ball 3-2: Foul Ball, location: 2F 3-2: Foul Ball, location: 2F 3-2: Foul Ball, location: 2F 3-2: Foul Ball, location: 2F 3-2: Base on Balls Dan Mathews to second
|
|
Pitching: LHP Sueo Iba
|
|
|
Batting: RHB Eric Zylstra
|
0-0: Ball 1-0: Fly out, F9 (Flyball, 9, EV 72.5 MPH)
|
| Bottom of the 7th over - 0 runs, 0 hits, 0 errors, 2 left on base; Southern Maryland 12 - New Jersey 0 |
| TOP OF THE 8TH |
|
Southern Maryland Blue Crabs batting - Pitching for New Jersey Devils : RHP Emanuel Anochondo
|
|
Batting: LHB Edwin Cabral
|
0-0: Fly out, F7 (Flyball, 78M, EV 84.4 MPH)
|
|
Batting: LHB Ivan Alvarez
|
0-0: Ball 1-0: Foul Ball, location: 2F 1-1: Called Strike 1-2: Ground out 4-3 (Groundball, 4, EV 85.0 MPH)
|
|
Batting: RHB Kevin Popowicz
|
0-0: Called Strike 0-1: Ball 1-1: Swinging Strike 1-2: Foul Ball, location: 2F 1-2: Ball 2-2: Ball 3-2: Strikes out swinging, 2-3 out at first.
|
| Top of the 8th over - 0 runs, 0 hits, 0 errors, 0 left on base; Southern Maryland 12 - New Jersey 0 |
| BOTTOM OF THE 8TH |
|
New Jersey Devils batting - Pitching for Southern Maryland Blue Crabs : LHP Sueo Iba
|
|
Batting: RHB Sam Callahan
|
0-0: Swinging Strike 0-1: Ball 1-1: Foul Ball, location: 2F 1-2: Ball 2-2: Strikes out swinging
|
|
Batting: RHB Nate Henderson
|
0-0: Called Strike 0-1: Called Strike 0-2: Strikes out looking
|
|
Batting: RHB Bill Crogan
|
0-0: Called Strike 0-1: Swinging Strike 0-2: Strikes out swinging
|
| Bottom of the 8th over - 0 runs, 0 hits, 0 errors, 0 left on base; Southern Maryland 12 - New Jersey 0 |
| TOP OF THE 9TH |
|
Southern Maryland Blue Crabs batting - Pitching for New Jersey Devils : RHP Emanuel Anochondo
|
|
Batting: LHB Xue-liang Zhou
|
0-0: Ball 1-0: Called Strike 1-1: Foul Ball, location: 2F 1-2: Ball 2-2: Foul Ball, location: 2F 2-2: Ball 3-2: Strikes out swinging
|
|
Batting: RHB Maup Gommers
|
0-0: Ball 1-0: Fly out, F9 (Flyball, 9, EV 81.2 MPH)
|
|
Batting: RHB Jonathan Mendoza
|
0-0: Ground out 6-3 (Groundball, 56D, EV 90.6 MPH)
|
| Top of the 9th over - 0 runs, 0 hits, 0 errors, 0 left on base; Southern Maryland 12 - New Jersey 0 |
| BOTTOM OF THE 9TH |
|
New Jersey Devils batting - Pitching for Southern Maryland Blue Crabs : LHP Sueo Iba
|
|
Batting: RHB Juan Medina
|
0-0: Ground out 6-3 (Groundball, 6, EV 90.0 MPH)
|
|
Batting: LHB Brad Guffin
|
0-0: Foul Ball, location: 2F 0-1: Ball 1-1: Ball 2-1: Foul Ball, location: 2F 2-2: Strikes out swinging
|
|
Batting: RHB Dan Mathews
|
0-0: Foul Ball, location: 2F 0-1: Foul Ball, location: 2F 0-2: Ball 1-2: Ball 2-2: Ball 3-2: Strikes out looking
|
| Bottom of the 9th over - 0 runs, 0 hits, 0 errors, 0 left on base; Southern Maryland 12 - New Jersey 0 |
|